AoeStats
← Kronosrex

Black Forest

510616448Analyzed
3v3 RM · 1d ago on Oct 1, 2026· 56m 35s· 6 players
Game mode
Random Map
Map size
Normal (6 player)
Population
200
Speed
Normal
Resources
Standard
Victory
Conquest
Starting age
Dark Age
Ending age
Imperial Age
RankedLock teamsTeams togetherTeam positionsShared explorationLock speedFull tech treeHidden civsTurbo modeCheats
Victory
Defeat
🇪🇸 Franks · Spain
642
+13
🇪🇸 Slavs · Spain
623
+14
🇪🇸 Spanish · Spain
553
+16
🇪🇸 Berbers · Spain
764
-22
🇶🇦 Portuguese · Qatar
536
-13
🇶🇦 Romans · Qatar
409
-8
Unkas
0:34 Loom
12:37 Feudal Age
14:04 Double-Bit Axe
14:13 Gold Mining
14:25 Horse Collar
17:42 Stone Mining
21:01 Wheelbarrow
24:48 Castle Age
22:45 Fletching
22:56 Padded Archer Armor
23:40 Forging
25:49 Bow Saw
28:03 Heavy Plow
28:56 Stone Shaft Mining
29:05 Iron Casting
28:32 Scale Mail Armor
30:16 Scale Barding Armor
32:22 Hand Cart
32:00 Town Watch
37:33 Imperial Age
34:56 Town Watch
35:18 Elite Skirmisher
36:03 Thumb Ring
37:01 Town Patrol
37:28 Murder Holes
37:44 Fortified Wall
37:55 Ballistics
37:46 Masonry
37:42 Siphons
38:05 Leather Archer Armor
37:45 Bodkin Arrow
38:06 Chain Mail Armor
38:12 Chain Barding Armor
37:49 Guard Tower
37:56 Gambesons
38:12 Squires
37:33 Pikeman
37:34 Man-at-Arms
37:59 Arson
38:57 Halberdier
38:58 Long Swordsman
40:53 Husbandry
41:27 Cavalier
42:45 Plate Mail Armor
46:10 Ring Archer Armor
45:40 Bracer
46:41 Blast Furnace
46:17 Plate Barding Armor
46:47 Two-Man Saw
46:44 Hoardings
46:30 Conscription
46:37 Bloodlines
50:01 Elite Conquistador
50:05 Two-Handed Swordsman
51:22 Heavy Mounted Crossbowman
52:08 Inquisition
51:46 Paladin
57:05 Architecture
57:36 Chemistry
56:22 Arrowslits
57:13 Keep
56:54 Fervor
56:59 Block Printing
57:10 Illumination
sergiou
3:54 Loom
12:42 Feudal Age
13:12 Double-Bit Axe
16:30 Gold Mining
16:32 Stone Mining
18:00 Wheelbarrow
23:20 Castle Age
21:33 Scale Barding Armor
21:44 Forging
22:04 Scale Mail Armor
26:52 Bow Saw
26:49 Husbandry
26:12 Pikeman
27:17 Chain Barding Armor
28:53 Gold Shaft Mining
28:51 Caravan
29:24 Coinage
30:46 Man-at-Arms
34:40 Hand Cart
35:46 Chain Mail Armor
36:06 Iron Casting
41:32 Imperial Age
43:00 Banking
43:12 Halberdier
43:42 Elite Throwing Axeman
45:12 Chivalry
44:45 Cavalier
48:52 Conscription
47:56 Paladin
50:49 Masonry
50:21 Treadmill Crane
51:47 Chemistry
51:08 Ballistics
Unifurcion
1:21 Loom
11:36 Feudal Age
13:11 Wheelbarrow
13:18 Double-Bit Axe
14:16 Horse Collar
15:16 Stone Mining
17:45 Gold Mining
23:21 Castle Age
24:26 Hand Cart
29:50 Gold Shaft Mining
30:32 Caravan
33:11 Fortified Wall
34:01 Detinets
37:26 Imperial Age
35:44 Bow Saw
37:23 Heavy Plow
38:45 Masonry
38:31 Murder Holes
39:02 Capped Ram
39:26 Elite Boyar
40:44 Hoardings
39:44 Pikeman
41:29 Forging
41:25 Scale Barding Armor
41:20 Scale Mail Armor
41:39 Redemption
43:06 Ballistics
43:46 Chemistry
42:37 Guard Tower
42:53 Siege Engineers
42:44 Siege Ram
44:16 Halberdier
44:18 Man-at-Arms
45:02 Husbandry
45:13 Bloodlines
47:45 Iron Casting
47:31 Chain Barding Armor
47:26 Chain Mail Armor
47:03 Fletching
47:13 Padded Archer Armor
46:39 Long Swordsman
47:20 Squires
46:46 Heavy Scorpion
49:29 Blast Furnace
48:17 Town Watch
49:05 Crop Rotation
49:48 Two-Man Saw
49:41 Two-Handed Swordsman
49:47 Onager
51:41 Conscription
50:51 Sappers
54:43 Druzhina
54:06 Siege Onager
54:48 Town Patrol
56:17 Champion
Kronosrex
0:32 Loom
12:08 Feudal Age
12:43 Horse Collar
15:38 Castle Age
13:37 Double-Bit Axe
16:19 Heavy Plow
23:15 Wheelbarrow
22:28 Town Watch
24:40 Gold Mining
25:18 Forging
25:16 Scale Barding Armor
26:14 Bow Saw
26:34 Kasbah
27:29 Bloodlines
27:19 Husbandry
28:48 Iron Casting
28:36 Chain Barding Armor
29:54 Hand Cart
33:33 Imperial Age
31:45 Gold Shaft Mining
31:01 Stone Mining
32:09 Fortified Wall
31:55 Murder Holes
33:55 Heavy Camel Rider
35:40 Blast Furnace
35:15 Plate Barding Armor
34:57 Town Patrol
35:39 Stone Shaft Mining
35:23 Maghrebi Camels
35:44 Conscription
36:16 Siege Engineers
38:02 Chemistry
37:35 Ballistics
39:52 Hoardings
TheDon
12:24 Loom
15:21 Feudal Age
17:03 Wheelbarrow
16:16 Double-Bit Axe
16:18 Horse Collar
18:06 Stone Mining
18:08 Gold Mining
21:25 Castle Age
24:04 Hand Cart
24:02 Bow Saw
23:56 Heavy Plow
29:44 Caravan
33:03 Fortified Wall
33:04 Masonry
35:28 Imperial Age
33:32 Town Watch
37:15 Murder Holes
37:43 Ballistics
38:25 Guilds
38:08 Fletching
38:29 Forging
38:20 Scale Mail Armor
37:56 Man-at-Arms
38:38 Squires
41:04 Crop Rotation
40:34 Pikeman
40:35 Long Swordsman
41:39 Bodkin Arrow
42:20 Iron Casting
42:01 Chain Mail Armor
41:46 Padded Archer Armor
41:15 Halberdier
41:57 Heavy Scorpion
48:55 Chemistry
48:01 Siege Engineers
48:27 Architecture
48:10 Legionary
55:38 Blast Furnace
ali.hasiri
3:34 Loom
16:28 Feudal Age
17:58 Wheelbarrow
17:11 Double-Bit Axe
17:11 Horse Collar
17:25 Gold Mining
18:00 Stone Mining
23:59 Castle Age
24:15 Arson
25:03 Hand Cart
24:50 Heavy Plow
25:02 Bow Saw
25:47 Stone Shaft Mining
36:07 Imperial Age
33:03 Pikeman
34:11 Ballistics
33:42 Heated Shot
34:03 Masonry
34:06 Fortified Wall
38:54 Crop Rotation
37:50 Onager
39:33 Chemistry
40:18 Conscription
44:25 Halberdier
45:01 Elite Organ Gun
45:47 Arquebus
53:50 Husbandry
53:12 Cavalier
Connection lost

Rejoining the realm…

Still unreachable

The connection could not be restored.

Session expired

The server has moved on; the page needs a fresh start.